 Dungeon Crawl Stone Soup version 0.28.0-45-g0d030f2227 (webtiles) character file.

Game seed: 17058874279987161751

112 themarg the Insei (level 4, -1/34 HPs)
             Began as a Gnoll Transmuter on Apr 14, 2022.
             Slain by Robin
             ... wielding a +0 trident
              (9 damage)
             ... on level 3 of the Dungeon.
             The game lasted 00:07:12 (2609 turns).

themarg the Insei (Gnoll Transmuter)                Turns: 2609, Time: 00:07:12

Health: -1/34      AC:  2    Str: 15    XL:     4   Next: 95%
Magic:  7/11       EV: 22    Int: 14    God:
Gold:   95         SH:  0    Dex: 18    Spells: 9/13 levels left

rFire   . . .      SeeInvis .     - Unarmed
rCold   . . .      Faith    .   (shield currently unavailable)
rNeg    . . .      Spirit   .   (armour currently unavailable)
rPois   x          Reflect  .   (helmet currently unavailable)
rElec   .          Harm     .   (cloak currently unavailable)
rCorr   .          Rampage  .   (gloves currently unavailable)
Will    .....                   (boots currently unavailable)
Stlth   ++........              (no amulet)
HPRegen 0.11/turn               g - +6 ring of strength
MPRegen 0.12/turn               (no ring)

@: spider-form (expiring)
A: venomous fangs, tiny, (fangs 1), strong nose, distributed training
a: End Transformation


You were on level 3 of the Dungeon.
You were a venomous arachnid creature.
You visited 1 branch of the dungeon, and saw 3 of its levels.

You collected 95 gold pieces.

Inventory:

Hand Weapons
 e - a +0 dagger (melded)
Missiles
 l - 38 stones
 m - 14 sling bullets
Armour
 a - a +0 robe (melded)
 f - a +0 leather armour
Jewellery
 g - a +6 ring of strength (left front leg)
Scrolls
 c - 3 scrolls of noise {unknown}
 d - a scroll of identify {unknown}
 h - a scroll of torment {unknown}
 j - a scroll of teleportation {unknown}
Potions
 b - a potion of brilliance {unknown}
 i - a potion of curing {unknown}
 k - a potion of berserk rage {unknown}


   Skills:
 + Level 2.8 Fighting
 + Level 1.2 Short Blades
 + Level 1.2 Long Blades
 + Level 1.2 Axes
 + Level 1.2 Maces & Flails
 + Level 1.2 Polearms
 + Level 1.2 Staves
 + Level 1.2 Slings
 + Level 1.2 Bows
 + Level 1.2 Crossbows
 + Level 1.2 Throwing
 + Level 1.2 Armour
 + Level 4.7 Dodging
 + Level 1.2 Stealth
 + Level 1.2 Shields
 + Level 6.6 Unarmed Combat
 + Level 5.1 Spellcasting
 + Level 1.0 Conjurations
 + Level 1.0 Hexes
 + Level 1.0 Summonings
 + Level 1.0 Necromancy
 + Level 1.0 Translocations
 + Level 3.9 Transmutations
 + Level 1.0 Fire Magic
 + Level 1.0 Ice Magic
 + Level 1.0 Air Magic
 + Level 1.0 Earth Magic
 + Level 1.0 Poison Magic
 + Level 1.4 Invocations
 + Level 1.2 Evocations


You had 9 spell levels left.
You knew the following spells:

 Your Spells              Type           Power      Damage    Failure   Level
a - Beastly Appendage     Tmut           28%        N/A       12%         1
b - Spider Form           Tmut/Pois      10%        N/A       38%         3

Your spell library contained the following spells:

 Spells                   Type           Power      Damage    Failure   Level
 Wereblood                Tmut           14%        N/A       16%         2
 Foxfire                  Conj/Fire      24%        2x1d5     26%         1
 Ice Form                 Ice/Tmut       10%        N/A       73%         4


Dungeon Overview and Level Annotations

Branches:
Dungeon (3/15)

Altars:

Shops:
D:3 [

Annotations:
D:3 Robin


Innate Abilities, Weirdness & Mutations

You are a venomous arachnid creature.
You have poisonous fangs.
You are tiny and dextrous.
Your spellcasting is less reliable in this form.
Your armour is entirely melded.
You are incapable of wielding weapons or throwing items.
((You have very sharp teeth.))
Your uncanny sense of smell can sniff out nearby items.
Your experience applies equally to all skills.


Message History

Your transformation has ended.
Your +0 dagger unmelds from your body.
Your +0 robe unmelds from your body.
Robin hits you from afar with a +0 trident.
The goblin skeleton barely misses you.
The goblin unwields a +0 hunting sling.
The goblin wields a +0 club.
The goblin hits you with a +0 club.
Items here: ))) ††.
You hit the goblin.
The goblin is severely wounded.
The hobgoblin no longer looks unusually strong.
Robin hits you from afar with a +0 trident.
A hobgoblin zombie comes into view.
The goblin skeleton hits you but does no damage.
The goblin hits you with a +0 dagger. The goblin hits you but does no damage.
Casting: Spider Form (quite dangerous; 19% risk of failure)
Confirm with . or Enter, or press ? or * to list all spells.
The spell is quite dangerous to miscast (19% risk of failure)!
Continue anyway?
You turn into a venomous arachnid creature.
Your +0 dagger melds into your body.
Your +0 robe melds into your body.
The goblin no longer looks unusually strong.
Robin misses you. The goblin closely misses you. x2
You hit the goblin but do no damage.
The goblin is severely wounded.
Robin misses you. The goblin misses you. The goblin hits you with a +0 dagger.
You bite the goblin!
You kill the goblin!
Robin roars a battlecry!
The goblins go into a battle-frenzy!
The goblin barely misses you.
You bite the goblin!
You kill the goblin!
The goblin barely misses you. The goblin completely misses you.
Robin zaps a wand.
The puff of flame misses you. The goblin completely misses you.
Items here: ( ))) †.
You barely miss Robin.
Your transformation is almost over.
The goblin closely misses you. The goblin hits you with a +0 club.
* * * LOW HITPOINT WARNING * * *
Robin hits you with a +0 trident!
You die...

###############
#.............#
#.###########.#
#.# #.# #)# #.#
#)# #.#
#######g#
######.####
#...Zggs#
#..........
#.....g.+
#.####.....
#.....ZZ#
######
......... .....
......... #####
.###..#.#.
##.###. .. #[


You could see Robin, a goblin zombie, a hobgoblin zombie, a hobgoblin (strong),
2 goblins and a goblin skeleton.

Vanquished Creatures
  Natasha (D:3)
  3 adders (D:2)
  A worm (D:2)
  A dart slug (D:1)
  4 ball pythons
  7 bats
  An endoplasm (D:2)
  2 giant cockroaches (D:1)
  12 goblins
  4 hobgoblins
  8 kobolds
  A quokka (D:3)
  2 frilled lizards (D:2)
  A kobold zombie (D:3)
  6 rats
54 creatures vanquished.

Notes
Turn   | Place    | Note
-------+----------+-------------------------------------------
     0 | D:1      | themarg the Gnoll Transmuter began the quest for the Orb.
     0 | D:1      | Reached XP level 1. HP: 17/17 MP: 6/6
    99 | D:1      | Reached XP level 2. HP: 22/23 MP: 5/7
   739 | D:1      | Reached XP level 3. HP: 22/28 MP: 7/9
   805 | D:1      | Learned a level 3 spell: Spider Form
   869 | D:1      | Reached skill level 5 in Spellcasting
  1201 | D:2      | Found a faded altar of an unknown god.
  1211 | D:2      | Got Plato's Disquisition on Conjuration
  1469 | D:2      | Reached skill level 1 in Invocations
  1564 | D:2      | Reached skill level 1 in Short Blades
  1564 | D:2      | Reached skill level 1 in Long Blades
  1564 | D:2      | Reached skill level 1 in Axes
  1564 | D:2      | Reached skill level 1 in Maces & Flails
  1564 | D:2      | Reached skill level 1 in Polearms
  1564 | D:2      | Reached skill level 1 in Staves
  1564 | D:2      | Reached skill level 1 in Slings
  1564 | D:2      | Reached skill level 1 in Bows
  1564 | D:2      | Reached skill level 1 in Crossbows
  1564 | D:2      | Reached skill level 1 in Throwing
  1564 | D:2      | Reached skill level 1 in Armour
  1564 | D:2      | Reached skill level 1 in Stealth
  1564 | D:2      | Reached skill level 1 in Shields
  1564 | D:2      | Reached skill level 1 in Evocations
  1615 | D:2      | Reached XP level 4. HP: 28/34 MP: 7/11
  2334 | D:3      | Found Footux's Antique Armour Shoppe.
  2398 | D:3      | Noticed Natasha
  2403 | D:3      | Killed Natasha
  2404 | D:3      | Reached skill level 1 in Conjurations
  2404 | D:3      | Reached skill level 1 in Hexes
  2404 | D:3      | Reached skill level 1 in Summonings
  2404 | D:3      | Reached skill level 1 in Necromancy
  2404 | D:3      | Reached skill level 1 in Translocations
  2404 | D:3      | Reached skill level 1 in Fire Magic
  2404 | D:3      | Reached skill level 1 in Ice Magic
  2404 | D:3      | Reached skill level 1 in Air Magic
  2404 | D:3      | Reached skill level 1 in Earth Magic
  2404 | D:3      | Reached skill level 1 in Poison Magic
  2579 | D:3      | Noticed Robin
  2609 | D:3      | Slain by Robin

Illustrated notes

Levels and vault maps discovered:
D:1:      lordsloth_arrival_two_stooges, layout_basic, roderic_lattice_a
D:2:      layout_loops_corners, shapermc_ecumenical_altar_rom_forum
D:3:      layout_basic, lemuel_zombie_altar_yredelemnul,
          nicolae_tso_besieged_by_evil, serial_shops, nicolae_shop_trees,
          lemuel_old_faithful, uniq_natasha, uniq_robin

Skill      XL: |  1  2  3  4 |
---------------+-------------+-----
Spellcasting   | 5 |  5.1
Invocations    | 1 |  1.4
Short Blades   | 1 |  1.2
Long Blades    | 1 |  1.2
Axes           | 1 |  1.2
Maces & Flails | 1 |  1.2
Polearms       | 1 |  1.2
Staves         | 1 |  1.2
Slings         | 1 |  1.2
Bows           | 1 |  1.2
Crossbows      | 1 |  1.2
Throwing       | 1 |  1.2
Armour         | 1 |  1.2
Stealth        | 1 |  1.2
Shields        | 1 |  1.2
Evocations     | 1 |  1.2
Conjurations   | 1 |  1.0
Hexes          | 1 |  1.0
Summonings     | 1 |  1.0
Necromancy     | 1 |  1.0
Translocations | 1 |  1.0
Fire Magic     | 1 |  1.0
Ice Magic      | 1 |  1.0
Air Magic      | 1 |  1.0
Earth Magic    | 1 |  1.0
Poison Magic   | 1 |  1.0
Fighting       | |  2.8
Dodging        | |  4.7
Unarmed Combat | |  6.6
Transmutations | |  3.9

Action                   |  1- 3 |  4- 6 || total
-------------------------+-------+-------++-------
Melee: Unarmed           |    32 |    31 ||    63
       Bite              |     6 |       ||     6
       Kick              |    15 |     1 ||    16
       Headbutt          |     8 |       ||     8
       Dagger            |    51 |    10 ||    61
 Cast: Beastly Appendage |    21 |     6 ||    27
       Spider Form       |     2 |     5 ||     7
 Stab: Sleeping          |       |     1 ||     1
Armor: Robe              |     8 |     5 ||    13
       Skin              |       |     4 ||     4
Dodge: Dodged            |    50 |    41 ||    91
